 Dungeon Sprint DCSS version 0.21.1-1-g345015f (webtiles) character file.

66 Fang the Skirmisher (level 4, -1/32 HPs)
             Began as a Gargoyle Berserker on June 11, 2018.
             Was a Priest of Trog.
             Slain by a gnoll shaman
             ... wielding a +0 whip
              (5 damage)
             ... in the Dungeon (Sprint IX: "|||||||||||||||||||||||||||||").
             The game lasted 00:00:15 (145 turns).

Fang the Skirmisher (Gargoyle Berserker)             Turns: 145, Time: 00:00:16

Health: -1/32      AC:  5    Str: 21    XL:     4   Next: 15%
Magic:  4/4        EV: 12    Int:  8    God:    Trog [***...]
Gold:   0          SH:  0    Dex:  9    Spells: 3/3 levels left

rFire    . . .     SeeInvis .   a - +0 hand axe
rCold    . . .     Gourm    .   (no shield)
rNeg     + . .     Faith    .   b - +0 animal skin
rPois    ∞         Spirit   .   (no helmet)
rElec    +         Reflect  .   (no cloak)
rCorr    .         Harm     .   (no gloves)
MR       .....     NoTele   +   (no boots)
Stlth    +.........             (no amulet)
HPRegen  0.10/turn              (no ring)
MPRegen  0.09/turn              (no ring)

@: berserk cooldown, slowed, glowing, very slow
A: negative energy resistance 1, electricity resistance, unbreathing,
petrification resistance, rot immunity, AC +3
a: Berserk, Trog's Hand, Burn Spellbooks, Renounce Religion


You were in the Dungeon.
You worshipped Trog.
Trog was most pleased with you.
You were not hungry.

You visited 1 branch

Inventory:

Hand Weapons
 a - a +0 hand axe (weapon)
Armour
 b - a +0 animal skin (worn)
Scrolls
 i - a scroll of blinking
Potions
 d - a potion of curing
 e - a potion of heal wounds
 f - a potion of haste
 g - 2 potions of magic
 h - a potion of berserk rage
Comestibles
 c - a ration
 j - 4 chunks of flesh


   Skills:
 + Level 6.0 Fighting
 + Level 5.3 Axes
 + Level 3.3 Armour
 + Level 2.7 Dodging


You had 3 spell levels left.
You didn't know any spells.

Dungeon Overview and Level Annotations

Branches:
Dungeon (1/1)

Altars:


Innate Abilities, Weirdness & Mutations

You are resistant to torment.
Your stone body is resilient. (AC +3)
You are immune to poison.
You resist negative energy. (rN+)
You are resistant to electric shocks. (rElec)
You can survive without breathing.
You are immune to petrification.
You are immune to rotting.


Message History

The gnoll shaman completely misses you.
The gnoll shaman hits you but does no damage.
Unknown command.
You hit the gnoll shaman.
The gnoll shaman is lightly wounded.
The gnoll shaman hits you but does no damage.
Unknown command.
You closely miss the gnoll shaman.
The gnoll shaman is lightly wounded.
The gnoll shaman closely misses you. x2
Unknown command.
You barely miss the gnoll shaman.
The gnoll shaman is lightly wounded.
The gnoll shaman hits you with a whip!
* * * LOW HITPOINT WARNING * * *
Unknown command.
You hit the gnoll shaman.
The gnoll shaman is lightly wounded.
The gnoll shaman hits you with a whip.
You die... ▓▓▓▓▓▓▓▓▓▓▓▓▓▓▓▓▓▓ ▓<...).....@gh...+ ▓▓▓▓▓▓▓▓▓▓▓▓▓▓▓▓▓▓

You could see a gnoll shaman and a howler monkey.

Vanquished Creatures
  A jelly (D)
  An orc wizard (D)
  3 bats (D)
  A goblin (D)
  A jackal (D)
  A rat (D)
8 creatures vanquished.

Notes
Turn   | Place    | Note
-------+----------+-------------------------------------------
     0 | D        | Fang the Gargoyle Berserker began the quest for the Orb.
     0 | D        | Reached XP level 1. HP: 14/14 MP: 1/1
     7 | D        | Reached ** piety under Trog
     9 | D        | Reached skill level 4 in Fighting
   125 | D        | Noticed a jelly
   125 | D        | Noticed a gnoll shaman
   125 | D        | Noticed an orc wizard
   125 | D        | Noticed a howler monkey
   134 | D        | Killed an orc wizard
   134 | D        | Reached *** piety under Trog
   134 | D        | Reached skill level 5 in Fighting
   134 | D        | Reached XP level 2. HP: 13/21 MP: 2/2
   134 | D        | Reached XP level 3. HP: 17/26 MP: 3/3
   138 | D        | Reached skill level 5 in Axes
   138 | D        | Reached XP level 4. HP: 16/32 MP: 4/4
   139 | D        | Reached skill level 6 in Fighting
   145 | D        | Slain by a gnoll shaman

Skill      XL: |  1  2  3  4 |
---------------+-------------+-----
Axes           | 4 5 |  5.3
Fighting       | 5 6 |  6.0
Armour         | 3 |  3.3
Dodging        | 2 |  2.7

Action                   |  1- 3 |  4- 6 || total
-------------------------+-------+-------++-------
Melee: Hand axe          |    19 |     6 ||    25
Invok: Berserk           |     1 |       ||     1
Armor: Animal skin       |     6 |     3 ||     9
Dodge: Dodged            |     8 |     3 ||    11
